 Dungeon Crawl Stone Soup version 0.32-a0-975-g85d4e5bfdb (webtiles) character file.

Game seed: 12112051280473881388

53 Maxmaps the Caller (level 3, -1/24 HPs)
             Began as a Demonspawn Summoner on Apr 19, 2024.
             Was an Initiate of Hepliaklqana.
             Slain by a gnoll
             ... wielding a +0 halberd
              (9 damage)
             ... on level 4 of the Dungeon.
             The game lasted 00:04:00 (1803 turns).

Maxmaps the Caller (Demonspawn Summoner)            Turns: 1803, Time: 00:04:00

Health: -1/24      AC:  5    Str:  8    XL:     3   Next: 62%
Magic:  4/6        EV: 10    Int: 17    God:    Hepliaklqana [......]
Gold:   89         SH:  0    Dex: 13    Spells: 3/6 levels left

rFire   . . .        c - +0 whip
rCold   . . .        (no shield)
rNeg    . . .        g - +0 leather armour
rPois   .            (no helmet)
rElec   .            (no cloak)
rCorr   .            (no gloves)
SInv    .            (no boots)
Will    .....        (no amulet)
Stlth   ++           (no ring)
HPRegen 0.24/turn    (no ring)
MPRegen 0.20/turn

%: no passive effects
@: no status effects
A: icy blue scales 1, magic regeneration
a: Renounce Religion


You were on level 4 of the Dungeon.
You worshipped Hepliaklqana.
Hepliaklqana was noncommittal.
You visited 2 branches of the dungeon, and saw 4 of its levels.

You collected 89 gold pieces.

Inventory:

Hand Weapons
 c - a +0 whip (weapon)
Armour
 a - a +0 robe
 g - a +0 leather armour (worn)
Jewellery
 h - a ring of fire
 k - a ring of fire
Scrolls
 f - a scroll of identify {unknown}
 i - a scroll of poison {unknown}
Potions
 b - a potion of magic
 d - 2 potions of curing {unknown}
 e - 2 potions of lignification {unknown}
 j - a potion of invisibility {unknown}


   Skills:
 - Level 1.7 Dodging
 - Level 1.7 Stealth
 - Level 2.0 Spellcasting
 + Level 5.4 Summonings


You had 3 spell levels left.
You knew the following spells:

 Your Spells              Type           Power      Damage    Failure   Level
a - Summon Small Mammal   Summ           80%        N/A       3%          1
b - Call Imp              Summ           40%        N/A       4%          2

Your spell library contained the following spells:

 Spells                   Type           Power      Damage    Failure   Level
 Call Canine Familiar     Summ           20%        N/A       10%         3
 Summon Blazeheart Golem  Fire/Summ      10%        N/A       67%         4
 Summon Lightning Spire   Summ/Air       10%        N/A       67%         4


Dungeon Overview and Level Annotations

Branches:
Dungeon (4/15)             Temple (1/1) D:4

Altars:
Ashenzari
Cheibriados
Fedhas
Hepliaklqana
Nemelex Xobeh
Okawaru
Qazlal
Vehumet
Wu Jian
Xom
Yredelemnul

Shops:
D:2 *


Innate Abilities, Weirdness & Mutations

You are partially covered in icy blue scales. (AC +2)
You regenerate magic rapidly.


Message History

Casting: Summon Small Mammal (safe; 3% risk of failure)
Confirm with . or Enter, or press ? or * to list all spells.
Your bat disappears in a puff of smoke!
The gnoll closely misses your cerulean imp.
Your quokka bites the gnoll.
The gnoll misses your cerulean imp.
Your cerulean imp hits the gnoll but does no damage.
The gnoll hits your cerulean imp with a +0 spear!
Your cerulean imp dies!
Your cerulean imp disappears in a puff of smoke!
Your quokka barely misses the gnoll.
Your quokka bites the gnoll.
The gnoll hits your quokka with a +0 spear.
Your quokka dies!
Your quokka's corpse disappears in a puff of smoke!
Your rat bites the gnoll.
Casting: Summon Small Mammal (safe; 3% risk of failure)
Confirm with . or Enter, or press ? or * to list all spells.
The gnoll misses your rat.
Your rat bites the gnoll but does no damage.
Casting: Summon Small Mammal (safe; 3% risk of failure)
Confirm with . or Enter, or press ? or * to list all spells.
You don't have enough magic to cast this spell.
The gnoll hits your rat with a +0 club.
Your rat barely misses the gnoll.
The gnoll hits your rat but does no damage.
Your rat barely misses the gnoll. x2
The giant cockroach bites your rat but does no damage.
The gnoll hits your rat with a +0 club!
Your rat dies!
Your rat's corpse disappears in a puff of smoke!
Your rat bites the giant cockroach but does no damage.
The gnoll shouts!
The giant cockroach bites your rat.
Your rat barely misses the giant cockroach.
The giant cockroach barely misses your rat. x2
Your rat bites the giant cockroach but does no damage.
Your rat bites the giant cockroach.
The gnoll attacks as it pursues you!
The gnoll hits you from afar with a +0 halberd!
You die...
Hepliaklqana delivers you to your ancestors.

..........).......#.#####
###...#.............##..#
#...####.......g.......#
##.# ##..........#...#
... #.##.....g....## ..
##.###.###.g.†.#
.####........g.....#
...#..ß.ß.ß.......##
.......⌠.⌠.@....###
..#...ß.>.ß.....#
.......⌠.⌠.....##
......ß.ß.ß...##
..##.........##
#......##### ....#.#...#
......##...# ..........##


You could see 3 gnolls.

Vanquished Creatures
  A dart slug (D:1)
  2 ball pythons (D:2)
  3 bats
  2 endoplasms
  4 goblins (D:2)
  3 hobgoblins
  A quokka (D:1)
  A frilled lizard (D:2)
  3 kobolds (D:2)
  2 rats (D:1)
22 creatures vanquished.

Vanquished Creatures (collateral kills)
  An adder (D:2)
  A dart slug (D:2)
  3 orcs (D:4)
  4 kobolds (D:1)
  A quokka (D:1)
  2 ball pythons (D:1)
  A frilled lizard (D:1)
13 creatures vanquished.

Grand Total: 35 creatures vanquished

Notes
Turn   | Place    | Note
-------+----------+-------------------------------------------
     0 | D:1      | Maxmaps the Demonspawn Summoner began the quest for the
                  | Orb.
     0 | D:1      | Reached XP level 1. HP: 13/13 MP: 3/3
   388 | D:1      | Gained mutation: You are partially covered in icy blue
                  | scales. (AC +2) [demonic ancestry]
   388 | D:1      | Reached XP level 2. HP: 12/19 MP: 3/5
  1074 | D:2      | Reached skill level 5 in Summonings
  1077 | D:2      | Learned a level 2 spell: Call Imp
  1101 | D:2      | Gained mutation: You regenerate magic rapidly. [demonic
                  | ancestry]
  1101 | D:2      | Reached XP level 3. HP: 24/24 MP: 3/6
  1315 | D:2      | Found Niwoc's General Store.
  1638 | D:2      | You fall into a shaft and drop 2 floors!
  1661 | D:4      | Found a staircase to the Ecumenical Temple.
  1675 | Temple   | Entered the Ecumenical Temple
  1696 | Temple   | Became a worshipper of Hepliaklqana the Forgotten
  1803 | D:4      | Slain by a gnoll

Illustrated notes

Levels and vault maps discovered:
D:1:      evilmike_arrival_hilbert_curve, layout_basic
D:2:      wad_pebble_path, layout_loops_corners, serial_shops, shop,
          minmay_misc_feat_iff, nicolae_underground_beach
D:4:      layout_cave_pools, minmay_temple_entry_statues_fountains,
          nicolae_letterblocks [nicolae_letter_subblock,
          nicolae_letter_subblock, nicolae_letter_subblock,
          nicolae_letter_subblock, nicolae_letter_subblock,
          nicolae_letter_subblock, nicolae_letter_subblock,
          nicolae_letter_subblock, nicolae_letter_subblock,
          nicolae_letter_subblock, nicolae_letter_subblock,
          nicolae_letter_subblock, nicolae_letter_subblock,
          nicolae_letter_subblock, nicolae_letter_subblock,
          nicolae_letter_subblock, nicolae_letter_subblock,
          nicolae_letter_subblock, nicolae_letter_subblock,
          nicolae_letter_subblock, nicolae_letter_subblock,
          nicolae_letter_subblock, nicolae_letter_subblock,
          nicolae_letter_subblock, nicolae_letter_subblock]
Temple:   oiseaux_autumnal_temple

Skill      XL: |  1  2 |
---------------+-------+-----
Summonings     | 5 |  5.4
Dodging        | |  1.7
Stealth        | |  1.7
Spellcasting   | |  2.0

Action                     || total
---------------------------++-------
  Melee: Unarmed           ||    15
         Whip              ||   138
   Cast: Summon Small Mamm ||    23
         Call Imp          ||     4
   Stab: Sleeping          ||     4
         Distracted        ||     1
 Armour: Robe              ||    21
         Leather armour    ||   100
  Dodge: Dodged            ||    92

Table legend: (Time is in decaauts)
 A = Elapsed time spent in this place.
 B = Non-inter-level travel time spent in this place.
 C = Inter-level travel time spent in this place.
 D = Time resting spent in this place.
 E = Time spent auto-exploring this place.
 F = Levels seen in this place.
 G = Mean time per level.
                   A        B        C        D        E       F      G
               +--------+--------+--------+--------+--------+-----+--------+
         Total |   1818 |   1762 |     56 |     12 |   1295 |   4 |  454.5 |
       Dungeon |   1781 |   1757 |     24 |     12 |   1295 |   3 |  593.7 |
        Temple |     37 |      5 |     32 |      0 |      0 |   1 |   37.0 |
               +--------+--------+--------+--------+--------+-----+--------+

Top non-repeatable levels by time:
     D:2: 842 daAuts
     D:1: 808 daAuts
     D:4: 130 daAuts
  Temple: 37 daAuts
